 Dungeon Crawl Stone Soup version 0.25-a0-737-g26c3a87c45 (webtiles) character file.

Game seed: 2265161135853774611, levelgen mode: deterministic

73 KiliKikkendorf the Skirmisher (level 4, 0/41 HPs)
             Began as a Hill Orc Fighter on Apr 12, 2020.
             Succumbed to an adder's poison
             ... on level 2 of the Dungeon.
             The game lasted 00:04:59 (1442 turns).

KiliKikkendorf the Skirmisher (Hill Orc Fighter)    Turns: 1442, Time: 00:05:00

Health: 0/41       AC: 10    Str: 19    XL:     4   Next: 27%
Magic:  13/13      EV:  5    Int:  8    God:
Gold:   25         SH:  9    Dex: 10    Spells: 3/3 levels left

rFire    . . .     SeeInvis .   a - +1 war axe
rCold    . . .     Gourm    .   c - +0 kite shield
rNeg     . . .     Faith    .   m - +0 chain mail
rPois    .         Spirit   .   (no helmet)
rElec    .         Reflect  .   (no cloak)
rCorr    .         Harm     .   (no gloves)
MR       .....                  e - +0 pair of boots
Stlth    ..........             b - amulet of inaccuracy (curse)
HPRegen  0.13/turn              g - ring of magical power
MPRegen  0.13/turn              (no ring)

@: lethally poisoned (0 -> -1), berserk cooldown, slowed, very slow
A: no striking features
a: no special abilities


You were on level 2 of the Dungeon.
You were not hungry.

You visited 1 branch of the dungeon, and saw 2 of its levels.

You collected 25 gold pieces.

Inventory:

Hand Weapons
 a - a +1 war axe (weapon)
Missiles
 k - 8 javelins (quivered)
Armour
 c - a +0 kite shield (worn)
 e - a +0 pair of boots (worn)
 m - a +0 chain mail (worn)
Jewellery
 b - a cursed amulet of inaccuracy (around neck)
 g - a ring of magical power (left hand)
Scrolls
 h - a scroll of teleportation
 l - 2 scrolls of identify
Potions
 d - a potion of might
 i - a potion of brilliance
Comestibles
 f - 2 rations


   Skills:
 + Level 4.5 Fighting
 + Level 3.4 Axes
 + Level 3.7 Armour
 + Level 0.3 Dodging
 + Level 3.9 Shields


You had 3 spell levels left.
You didn't know any spells.
Your spell library was empty.

Dungeon Overview and Level Annotations

Branches:
Dungeon (2/15)

Altars:
Makhleb


Message History

You closely miss the worm. You block the worm's attack.
Your shield and chain mail prevent you from hitting the worm.
You feel sick.
You barely miss the worm. The worm barely misses you.
You slash the worm!
The worm is severely wounded.
You slash the worm!
You kill the worm!
You feel sick.
You start resting.
You feel a strong urge to attack something.
You are no longer berserk.
You are exhausted.
You feel yourself slow down.
Okay, then.
You eat one of the 3 rations.
That ration really hit the spot!
There is a lethal amount of poison in your body!
* * * LOW HITPOINT WARNING * * *
You feel sick.
You die...

##.......##......<...
#...........##.#.....
##.......### #.#.....
#.......### #.#.....
#.......... ..###...
###..###### ### ###.
#.## ######### #. #.#
#...<...# #. #@#
#.......# #. #†#
#.......# #.
#....._.##.......# #.
#.##.#..##.......# #.
# #..#.##......[# ##
##. .##.......# # ##
.# #####.#### # ....
#....# # #
#.####....#


There were no monsters in sight!

Vanquished Creatures
  2 adders (D:2)
  2 worms (D:2)
  A dart slug (D:1)
  2 leopard geckos (D:2)
  A ball python (D:2)
  2 bats
  6 giant cockroaches
  5 goblins
  6 hobgoblins
  2 jackals (D:1)
  4 kobolds
  A quokka (D:2)
  4 frilled lizards
  3 rats
41 creatures vanquished.

Notes
Turn   | Place    | Note
-------+----------+-------------------------------------------
     0 | D:1      | KiliKikkendorf the Hill Orc Fighter began the quest for the
                  | Orb.
     0 | D:1      | Reached XP level 1. HP: 19/19 MP: 1/1
    59 | D:1      | Reached XP level 2. HP: 26/27 MP: 2/2
   265 | D:1      | Reached skill level 4 in Fighting
   909 | D:2      | Reached XP level 3. HP: 33/33 MP: 3/3
  1332 | D:2      | Reached XP level 4. HP: 38/41 MP: 4/4
  1396 | D:2      | Found a burning altar of Makhleb.
  1430 | D:2      | HP: 3/61 [worm (2)]
  1435 | D:2      | HP: 2/61 [poisoned by an adder]
  1442 | D:2      | Succumbed to an adder's poison

Levels and vault maps discovered:
D:1:      scummos_arrival_simple_crosswalls, layout_basic
D:2:      layout_loops_cross, overflow_temple_1_default, minmay_pentomino_v4

Skill      XL: |  1  2 |
---------------+-------+-----
Fighting       | 4 |  4.5
Axes           | 3 |  3.4
Armour         | |  3.7
Dodging        | |  0.3
Shields        | |  3.9

Action                   |  1- 3 |  4- 6 || total
-------------------------+-------+-------++-------
Melee: War axe           |   134 |    64 ||   198
  Use: Scroll            |     4 |       ||     4
       Potion            |     1 |     1 ||     2
  Eat: Chunk             |     1 |     1 ||     2
       Ration            |       |     1 ||     1
Armor: Scale mail        |    65 |       ||    65
       Chain mail        |    13 |    41 ||    54
Dodge: Dodged            |    47 |    15 ||    62
Block: Kite shield       |    78 |    26 ||   104

Table legend:
 A = Non-vault XP
 B = Vault XP
 C = Vault XP percentage of total XP
 D = Non-vault monster count
 E = Vault monster count
 F = Vault count percentage of total count
                 A         B        C        D         E       F
            +---------+---------+-------+---------+---------+-------
      Total |      94 |      11 |  10.5 |      37 |       4 |   9.8
            +---------+---------+-------+---------+---------+-------
        D:1 |      32 |       0 |   0.0 |      17 |       0 |   0.0
        D:2 |      62 |      11 |  15.1 |      20 |       4 |  16.7
            +---------+---------+-------+---------+---------+-------
